 Dungeon Crawl Stone Soup version 0.28-a0-313-gbc0475efdd (webtiles) character file.

Game seed: 14040928329798756895

10605 Gobbopathe the Destroyer (level 11, -7/72 HPs)
             Began as a Demonspawn Conjurer on Aug 31, 2021.
             Was a Plaything of Xom.
             Succumbed to a black mamba's poison
             ... on level 1 of the Lair of Beasts.
             The game lasted 00:43:55 (13483 turns).

Gobbopathe the Destroyer (Demonspawn Conjurer)     Turns: 13483, Time: 00:43:56

Health: -7/72      AC: 12    Str:  8      XL:     11   Next: 38%
Magic:  21/23      EV: 16    Int: 22      God:    Xom [..*...]
Gold:   617        SH:  0    Dex: 17 (18) Spells: 15/26 levels left

rFire   . . .      SeeInvis .   u - +2 falchion (distort)
rCold   . . .      Faith    .   (no shield)
rNeg    . . .      Spirit   .   c - +0 robe {Archmagi}
rPois   .          Reflect  .   m - +0 helmet
rElec   .          Harm     .   N - +0 cloak
rCorr   .          Rampage  .   (no gloves)
Will    .....      Archmagi +   j - +0 pair of boots
Stlth   ++........              (no amulet)
HPRegen 0.22/turn               D - +4 ring of protection
MPRegen 0.18/turn               k - +6 ring of dexterity

@: brilliant, lethally poisoned (-7 -> -41)
A: hooves 2, thin metallic scales 2, powered by death 2, powered by pain 1
a: Renounce Religion


You were on level 1 of the Lair of Beasts.
You worshipped Xom.
You were a toy of Xom.
You visited 3 branches of the dungeon, and saw 10 of its levels.
You also visited: Sewer.

You collected 617 gold pieces.

Inventory:

Hand Weapons
 a - a +1 short sword of protection
 b - a +0 hunting sling
 u - a +2 falchion of distortion (weapon)
 y - a +1 whip of electrocution
 z - a +2 dagger of venom
 I - a +1 hand axe of electrocution
Missiles
 q - 64 poisoned darts
 t - 59 sling bullets
 v - 5 boomerangs
 J - 17 bolts
Armour
 c - a +0 robe of the Archmagi (worn)
 j - a +0 pair of boots (worn)
 m - a +0 helmet (worn)
 H - +0 steam dragon scales
 N - a +0 cloak (worn)
Jewellery
 k - a +6 ring of dexterity (right hand)
 D - a +4 ring of protection (left hand)
 O - a ring of see invisible
 R - a ring of fire
Wands
 e - a wand of mindburst (19)
 w - a wand of flame (20) (quivered)
 C - a wand of digging (11)
 G - a wand of paralysis (17)
 L - a wand of charming (10)
Scrolls
 d - 4 scrolls of teleportation {unknown}
 g - a scroll of acquirement {unknown}
 l - 5 scrolls of fog
 n - 2 scrolls of amnesia
 p - 8 scrolls of identify {unknown}
 r - 3 scrolls of noise
 B - a scroll of enchant armour {unknown}
 E - a scroll of vulnerability {unknown}
 F - a scroll of enchant weapon {unknown}
 K - a scroll of fear {unknown}
Potions
 h - 4 potions of magic
 i - a potion of cancellation {unknown}
 o - a potion of invisibility {unknown}
 x - 2 potions of brilliance
 A - 6 potions of flight
 M - a potion of attraction {unknown}
 P - a potion of haste
 Q - a potion of might {unknown}


   Skills:
 + Level 2.0 Fighting
 - Level 6.0 Long Blades
 + Level 8.2 Dodging
 - Level 1.7 Stealth
 - Level 8.0 Spellcasting
 - Level 10.0 Conjurations
 - Level 4.0 Translocations
 + Level 3.6 Air Magic
 - Level 3.0 Poison Magic


You had 15 spell levels left.
You knew the following spells:

 Your Spells              Type           Power      Damage    Failure   Level
a - Magic Dart            Conj           100%       1d8       1%          1
b - Swiftness             Air            54%        N/A       4%          3
c - Mephitic Cloud        Conj/Pois/Air  65%        N/A       2%          3
d - Iskenderun's Mystic   Conj/Tloc      73%        2d15      4%          4

Your spell library contained the following spells:

 Spells                   Type           Power      Damage    Failure   Level
 Shock                    Conj/Air       100%       1d9       1%          1
 Searing Ray              Conj           100%       3d7       1%          2
 Conjure Flame            Conj/Fire      62%        6-21      2%          3
 Dazzling Flash           Conj/Hex       100%       N/A       2%          3
 Portal Projectile        Hex/Tloc       78%        N/A       10%         3
 Fulminant Prism          Conj/Hex       31%        3d16      10%         4
 Sticky Flame             Conj/Fire      62%        2d8       10%         4
 Sublimation of Blood     Necr           9%         N/A       11%         2
 Ignite Poison            Fire/Tmut/Pois 29%        N/A       14%         3
 Airstrike                Air            27%        N/A       17%         4
 Irradiate                Conj/Tmut      31%        3d23      26%         5
 Bolt of Magma            Conj/Fire/Erth 25%        4d12      47%         5
 Petrify                  Tmut/Erth      19%        N/A       58%         4
 Blade Hands              Tmut           9%         N/A       90%         5
 Excruciating Wounds      Necr           9%         N/A       90%         5


Dungeon Overview and Level Annotations

Branches:
Dungeon (8/15)             Temple (1/1) D:6            Lair (1/6) D:8
  Sewer (visited)

Altars:
Ashenzari
Cheibriados
Dithmenos
Elyvilon
Fedhas
Gozag
Hepliaklqana
Kikubaaqudgha
Makhleb
Ru
Sif Muna
Trog
Uskayaw
Vehumet
Wu Jian
Xom
Yredelemnul
Zin
The Shining One

Annotations:
D:5 2 transporters, sn0wgr3's ghost, amateur MiFi
D:7 2 transporters, bmj180's ghost, novice DrCj
Lair:1 exclusion: oklob plant


Innate Abilities, Weirdness & Mutations

You have hoof-like feet.
You are mostly covered in thin metallic scales. (AC +3)
You regenerate health from kills.
You sometimes gain a little power by taking damage.


Message History

The black mamba closely misses you. The black mamba misses you.
You slash the black mamba!
The black mamba is severely wounded.
The black mamba barely misses you.
You closely miss the black mamba.
The black mamba is severely wounded.
The black mamba bites you!
You are poisoned.
The black mamba poisons you!
The black mamba bites you but does no damage.
You hit the black mamba but do no damage.
Space bends around the black mamba.
The black mamba is severely wounded.
You feel very sick. The black mamba closely misses you.
The black mamba bites you!
You are more poisoned.
The black mamba poisons you!
You hit the black mamba.
Space bends around the black mamba.
The black mamba is almost dead.
You feel extremely sick. The black mamba bites you.
You are lethally poisoned!
The black mamba poisons you! The black mamba bites you!
You completely miss the black mamba.
The black mamba is almost dead.
* * * LOW HITPOINT WARNING * * *
You feel extremely sick. The black mamba closely misses you.
The black mamba completely misses you.
Unknown command.
You closely miss the black mamba.
The black mamba is almost dead.
* * * LOW HITPOINT WARNING * * *
You feel extremely sick. The black mamba bites you.
* * * LOW HITPOINT WARNING * * *
It was a potion of brilliance.
You feel clever all of a sudden.
Xom thinks this is hilarious!
You die...
Xom guffaws!

### ### ######
.#.#####.###.#####P##.##
.......@S...............
........................
........................
............#.###.###..#
.............## ### #...
............## #..#
............# #..#
..###.###...# #...
#.........# #


You could see a black mamba.

Vanquished Creatures
  Harold (D:7)
  A hydra (Lair:1)
  A hornet (D:8)
  A wyvern (D:8)
  A basilisk (D:8)
  A steam dragon (D:7)
  3 water moccasins
  4 wargs (D:8)
  3 orc warriors
  2 black bears
  11 ogres
  A phantom (D:5)
  A centaur (D:8)
  3 kobold brigands
  4 gnoll sergeants
  A bullfrog (D:6)
  3 scorpions
  2 water moccasin skeletons (D:4)
  A wyvern skeleton (D:5)
  3 killer bees (D:7)
  3 wights (D:8)
  8 howler monkeys (D:8)
  2 bullfrog zombies
  2 centaur zombies (D:6)
  A bullfrog skeleton (D:7)
  A centaur skeleton (D:5)
  8 hounds
  A gnoll shaman (D:8)
  7 orc priests
  2 jellies
  4 iguanas
  Natasha (twice) (D:2)
  10 orc wizards
  Robin (D:4)
  16 gnolls
  10 adders
  A river rat (D:5)
  A shadow imp (D:7)
  A white imp (D:6)
  2 ufetubi
  2 worms
  5 dart slugs
  30 orcs
  9 bats
  4 endoplasms
  9 giant cockroaches
  18 goblins
  14 hobgoblins
  14 jackals
  5 quokkas
  6 ball pythons
  7 frilled lizards
  9 kobolds
  4 rats
267 creatures vanquished.

Vanquished Creatures (collateral kills)
  A komodo dragon (Lair:1)
  An ogre (D:8)
  An orc priest (D:8)
  2 gnolls (D:8)
  An orc (D:8)
6 creatures vanquished.

Vanquished Creatures (others)
  A fungus (D:8)
  2 plants
3 creatures vanquished.

Grand Total: 276 creatures vanquished

Notes
Turn   | Place    | Note
-------+----------+-------------------------------------------
     0 | D:1      | Gobbopathe the Demonspawn Conjurer began the quest for the
                  | Orb.
     0 | D:1      | Reached XP level 1. HP: 13/13 MP: 3/3
   454 | D:1      | Found a faded altar of an unknown god.
   561 | D:1      | Gained mutation: You are partially covered in thin metallic
                  | scales. (AC +2) [demonic ancestry]
   561 | D:1      | Reached XP level 2. HP: 19/19 MP: 0/5
  1920 | D:2      | Gained mutation: You regenerate a little health from kills.
                  | [demonic ancestry]
  1920 | D:2      | Reached XP level 3. HP: 24/24 MP: 0/6
  2588 | D:2      | Gained mutation: You sometimes gain a little power by
                  | taking damage. [demonic ancestry]
  2588 | D:2      | Reached XP level 4. HP: 30/30 MP: 3/7
  2819 | D:2      | Noticed Natasha
  2825 | D:2      | Killed Natasha
  2859 | D:2      | Noticed Natasha
  2864 | D:2      | Killed Natasha
  2865 | D:2      | Reached skill level 5 in Conjurations
  3370 | D:3      | Gained mutation: You regenerate health from kills. [demonic
                  | ancestry]
  3370 | D:3      | Reached XP level 5. HP: 35/35 MP: 4/9
  3420 | D:3      | Learned a level 3 spell: Swiftness
  4692 | D:4      | Noticed an ogre
  4699 | D:4      | Killed an ogre
  4700 | D:4      | Reached XP level 6. HP: 14/41 MP: 2/10
  5004 | D:4      | Reached skill level 6 in Conjurations
  5193 | D:4      | Noticed Robin
  5232 | D:3      | Gained mutation: You have large cloven feet. [demonic
                  | ancestry]
  5232 | D:3      | Reached XP level 7. HP: 32/46 MP: 12/12
  5480 | D:4      | Killed Robin
  5811 | D:4      | Reached skill level 1 in Long Blades
  6094 | D:4      | Reached skill level 5 in Dodging
  6311 | D:5      | Entered Level 5 of the Dungeon
  6327 | D:5      | Found a glowing drain.
  6371 | Sewer    | Entered a sewer
  6794 | D:5      | Learned a level 3 spell: Mephitic Cloud
  6980 | D:5      | Reached skill level 7 in Conjurations
  6980 | D:5      | Gained mutation: You are mostly covered in thin metallic
                  | scales. (AC +3) [demonic ancestry]
  6980 | D:5      | Reached XP level 8. HP: 52/52 MP: 8/14
  7071 | D:5      | Reached skill level 1 in Poison Magic
  7081 | D:5      | Reached skill level 1 in Air Magic
  7370 | D:5      | Found a transporter.
  7371 | D:5      | Noticed sn0wgr3's ghost (amateur MiFi)
  7376 | D:5      | Found a transporter.
  8426 | D:6      | Found a staircase to the Ecumenical Temple.
  8534 | Temple   | Entered the Ecumenical Temple
  8698 | Temple   | Became a worshipper of Xom of Bloodstained Whimsey
  8736 | D:7      | Reached XP level 9. HP: 50/57 MP: 12/16
  8755 | D:7      | Noticed Harold
  8755 | D:7      | XOM: potion effect (brilliance)
  8756 | D:7      | Paralysed by Harold for 6 turns
  8758 | D:7      | XOM: potion effect (haste)
  8862 | D:7      | Reached skill level 8 in Conjurations
  8921 | D:7      | Found a radiant altar of Vehumet.
  8930 | D:7      | XOM: potion effect (magic)
  8948 | D:7      | XOM: silly message
  8948 | D:7      | HP: 1/57 [Harold (17)]
  8948 | D:7      | XOM: butterfly on damage
  8951 | D:7      | XOM: cast spell 'Olgreb's Toxic Radiance'
  8955 | D:7      | Killed Harold
  8956 | D:7      | Reached skill level 5 in Spellcasting
  8984 | D:7      | XOM: divination: detect creatures
  9105 | D:7      | XOM: 2-stop teleportation journey
  9339 | D:7      | XOM: silly message
  9353 | D:7      | Found a transporter.
  9361 | D:7      | Noticed bmj180's ghost (novice DrCj)
  9362 | D:7      | Noticed a moth of wrath
  9388 | D:7      | Found a transporter.
  9513 | D:7      | XOM: silly message
  9622 | D:7      | XOM: silly message
  9643 | D:7      | XOM: divination: detect items
  9656 | D:7      | Found an ancient bone altar of Kikubaaqudgha.
  9998 | D:7      | XOM: silly message
 10002 | D:7      | Reached skill level 9 in Conjurations
 10245 | D:8      | Noticed a two-headed ogre
 10248 | D:8      | XOM: 1-stop teleportation journey
 10574 | D:8      | Gained mutation: You have hoof-like feet. [demonic
                  | ancestry]
 10574 | D:8      | Reached XP level 10. HP: 63/63 MP: 10/18
 10784 | D:8      | Banished a two-headed ogre
 10789 | D:8      | XOM: enchant monster (bad)
 10877 | D:8      | Noticed an elephant
 10891 | D:8      | Banished an elephant
 10990 | D:8      | Found a staircase to the Lair.
 11023 | D:8      | Reached skill level 10 in Conjurations
 11031 | D:8      | Learned a level 4 spell: Iskenderun's Mystic Blast
 11069 | D:8      | Noticed a two-headed ogre
 11073 | D:8      | XOM: confusion
 11078 | D:8      | XOM: cleaving
 11079 | D:8      | Banished a two-headed ogre
 11080 | D:8      | Reached skill level 5 in Long Blades
 11080 | D:8      | Reached skill level 1 in Translocations
 11089 | D:8      | XOM: cloud trail
 11124 | D:8      | XOM: cleaving
 11141 | D:8      | XOM: confusion
 11244 | D:8      | XOM: 2-stop teleportation journey
 11263 | D:8      | XOM: scenery: summon butterflies
 11340 | D:8      | XOM: summons 4 hostile shadow creatures
 11648 | D:8      | Noticed a two-headed ogre
 11655 | D:8      | XOM: summons friendly quasit
 11669 | D:8      | Banished a two-headed ogre
 11750 | D:8      | Reached XP level 11. HP: 14/68 MP: 17/21
 11808 | D:8      | XOM: scenery: 4 doors close
 11837 | D:8      | XOM: cast spell 'Summon Hydra'
 11962 | D:8      | XOM: cleaving
 12032 | D:8      | XOM: god gift: book of Weapons
 12209 | D:8      | XOM: god gift: potion of magic
 12354 | D:8      | XOM: confuse monster(s)
 12887 | Lair:1   | Entered Level 1 of the Lair of Beasts
 12902 | Lair:1   | Noticed a six-headed hydra
 12923 | Lair:1   | Killed a six-headed hydra
 12924 | Lair:1   | Reached skill level 1 in Fighting
 13066 | Lair:1   | Noticed an oklob plant
 13196 | Lair:1   | XOM: summons 9 friendly demons
 13368 | Lair:1   | XOM: summons 6 hostile demons
 13375 | Lair:1   | XOM: silly message
 13482 | Lair:1   | HP: 3/72 [poisoned by a black mamba]
 13482 | Lair:1   | HP: 1/72 [black mamba (2)]
 13483 | Lair:1   | Succumbed to a black mamba's poison

Illustrated notes

Levels and vault maps discovered:
D:1:      lightli_arrival_quake, layout_loops_corners,
          shapermc_ecumenical_altar_notcrosses, serial_bayou,
          serial_bayou_lake_a, serial_bayou_pond_a, serial_bayou_shore_b,
          serial_bayou_crossing, serial_bayou_pond_c, hangedman_feature_mirror,
          minivault_19, kennysheep_pointless_box
D:2:      layout_basic, uniq_natasha
D:3:      layout_basic, glass_columns_b
D:4:      minmay_bubble_buster, layout_gridville, minmay_misc_feat_encased,
          roderic_roman_lattice, hangedman_abyss_or_decor_slice, uniq_robin
D:5:      layout_loops_ring, portal_sewer_entry_c, gammafunk_ghost_smash
D:6:      layout_loops_ring, minmay_temple_entry_poolview, st_stairs_11
D:7:      layout_basic, mainiacjoe_overflow_chevrons, general_overflow_altar,
          gammafunk_ghost_berserking_beasts, grunt_decor_junction, uniq_harold
D:8:      lemuel_castle_with_subvaults [lemuel_castle_interior_carwin_1],
          layout_cave_pods, nicolae_overflow_crystal_walls, david_lair_generic,
          grunt_decor_one_mirror, eino_small_chamber_without_monster
Temple:   regret_index_temple_sphere_string
Lair:1:   layout_chaotic_city, gammafunk_ghost_wrathful_warriors,
          grunt_megastairs_4, minmay_lair_oklob_chamber, uniq_gastronok

Skill      XL: |  1  2  3  4  5  6  7  8  9 10 11 |
---------------+----------------------------------+-----
Dodging        | 2 3 4 5 6 7 8 |  8.2
Conjurations   | 5 6 7 9 10 | 10.0
Spellcasting   | 3 4 5 7 8 |  8.0
Long Blades    | 1 3 4 6 |  6.0
Poison Magic   | 2 3 |  3.0
Air Magic      | 2 3 |  3.6
Translocations | 3 4 |  4.0
Fighting       | 2 |  2.0
Stealth        | |  1.7

Action                   |  1- 3 |  4- 6 |  7- 9 | 10-12 || total
-------------------------+-------+-------+-------+-------++-------
Melee: Unarmed           |     4 |       |       |       ||     4
       Hand axe          |    43 |    23 |       |       ||    66
       Mace              |    10 |       |       |       ||    10
       Falchion          |       |    65 |   314 |   232 ||   611
 Cast: Magic Dart        |    62 |    92 |   191 |   112 ||   457
       Mephitic Cloud    |       |       |    10 |    28 ||    38
       Swiftness         |       |       |     1 |       ||     1
       Iskenderun's Myst |       |       |       |     6 ||     6
Evoke: Wand              |       |       |       |     1 ||     1
  Use: Potion            |       |     2 |     1 |     3 ||     6
       Scroll            |       |       |       |     5 ||     5
 Stab: Sleeping          |     1 |     1 |     2 |       ||     4
       Confused          |       |       |     8 |    15 ||    23
       Distracted        |       |       |       |     1 ||     1
Armor: Robe              |    17 |    37 |   115 |    56 ||   225
Dodge: Dodged            |    42 |    80 |   274 |   188 ||   584

Table legend: (Time is in decaauts)
 A = Elapsed time spent in this place.
 B = Non-inter-level travel time spent in this place.
 C = Inter-level travel time spent in this place.
 D = Time resting spent in this place.
 E = Time spent auto-exploring this place.
 F = Levels seen in this place.
 G = Mean time per level.
                   A        B        C        D        E       F      G
               +--------+--------+--------+--------+--------+-----+--------+
         Total |  13769 |  13408 |    361 |   2231 |   8259 |  11 | 1251.7 |
       Dungeon |  12472 |  12143 |    329 |   2101 |   7562 |   8 | 1559.0 |
        Temple |    177 |    146 |     31 |      0 |    132 |   1 |  177.0 |
          Lair |    595 |    595 |      0 |    130 |    358 |   1 |  595.0 |
         Sewer |    524 |    524 |      0 |      0 |    207 |   1 |  524.0 |
               +--------+--------+--------+--------+--------+-----+--------+

Top non-repeatable levels by time:
     D:8: 2457 daAuts
     D:1: 1824 daAuts
     D:7: 1686 daAuts
     D:4: 1641 daAuts
     D:3: 1595 daAuts
     D:2: 1365 daAuts
     D:5: 960 daAuts
     D:6: 940 daAuts
  Lair:1: 595 daAuts
   Sewer: 524 daAuts
  Temple: 177 daAuts
